[Event "DSAM Bad Wildungen 2024"]
[Site "Bad Wildungen"]
[Date "2024.08.03"]
[Round "5.25"]
[White "Brixius, Dirk"]
[Black "Will, Jonas"]
[Result "1-0"]
[Annotator "NA"]
[ECO "D46"]
[WhiteElo "1809"]
[BlackElo "1868"]
[PlyCount "121"]
[EventDate "2024.07.31"]
[EventCountry "GER"]
[SourceTitle "playchess.com"]
[Source "ChessBase"]
[SourceQuality "1"]
[TimeControl "40/5400+30:900+30"]

1. d4 e6 2. c4 d5 3. Nc3 Nf6 4. e3 c6 5. Bd3 dxc4 6. Bxc4 Bd6 7. Nf3 Nbd7 8. O-O O-O 9. e4 Bc7 10. Bg5 h6 11. Bh4 Qe8 12. e5 Nd5 13. Re1 f6 14. a3 fxe5 15. dxe5 Qh5 16. Bg3 N7b6 17. Bf1 Nxc3 18. bxc3 Nd5 19. c4 Ne7 20. Nd4 Qg6 21. Bd3 Nf5 22. Rb1 Bb6 23. Nxf5 exf5 24. Kh1 Be6 25. Qc2 Rad8 26. f4 Rd7 27. Rbd1 Bd4 28. Be2 c5 29. Rd3 Qf7 30. Rf3 Rfd8 31. Bh4 Rb8 32. Rb1 Qe8 33. Bd3 Qh5 34. Rh3 Qg4 35. Bg3 Rbd8 36. Be2 Qg6 37. Bh5 Qh7 38. Bh4 Rb8 39. Rg3 Kh8 40. Bg6 Qg8 41. Bxf5 Bxf5 42. Qxf5 Rf7 43. Qe4 Bf2 44. e6 Rff8 45. Rh3 Bxh4 46. Rxh4 Rfe8 47. f5 Qf8 48. Qe5 Kh7 49. g4 Qe7 50. Rh5 Rbd8 51. g5 b6 52. Re1 Rd4 53. gxh6 Qb7+ 54. Kg1 Rg4+ 55. Kf2 gxh6 56. Qd5 Qc7 57. Qd7+ Qxd7 58. exd7 Rd8 59. Re7+ Rg7 60. f6 Rxd7 61. Rxg7+ 1-0

[Event "DSAM Bad Wildungen 2024"]
[Site "Bad Wildungen"]
[Date "2024.08.03"]
[Round "5.26"]
[White "Valean, David-Andrei"]
[Black "Franz, Niclas"]
[Result "1-0"]
[Annotator "NA"]
[ECO "D00"]
[WhiteElo "1762"]
[BlackElo "1877"]
[PlyCount "103"]
[EventDate "2024.07.31"]
[EventCountry "GER"]
[SourceTitle "playchess.com"]
[Source "ChessBase"]
[SourceQuality "1"]
[TimeControl "40/5400+30:900+30"]

1. d4 Nf6 2. Nc3 d5 3. Bf4 c6 4. e3 Bf5 5. f3 Nbd7 6. g4 Bg6 7. h4 h6 8. Bd3 Bxd3 9. Qxd3 e6 10. Nge2 Nb6 11. b3 a6 12. Kf2 Nfd7 13. e4 Be7 14. Bg3 g6 15. h5 g5 16. Rad1 Nf8 17. Kg2 Rg8 18. Na4 Nxa4 19. bxa4 Bd6 20. Rb1 Bxg3 21. Nxg3 Qc7 22. Rb2 Nd7 23. Rhb1 b6 24. exd5 cxd5 25. Qh7 Ke7 26. Re1 Kd6 27. Qxf7 Qc3 28. Rxe6+ Kc7 29. Rbxb6 Qxc2+ 30. Kh3 Raf8 31. Rec6+ Qxc6 32. Rxc6+ Kxc6 33. Qe6+ Kc7 34. Qxd5 Rg7 35. Nf5 Rgf7 36. Kg3 Nf6 37. Qc5+ Kb8 38. Qb6+ Ka8 39. Qxa6+ Kb8 40. Qb6+ Ka8 41. Qc6+ Ka7 42. Nxh6 Nxh5+ 43. gxh5 Rf6 44. Qd5 Kb8 45. Ng4 Rf4 46. h6 Kc7 47. h7 Kb6 48. Ne5 Rh8 49. Qc5+ Ka6 50. Qb5+ Ka7 51. Nc6+ Ka8 52. Qa6# 1-0

[Event "DSAM Bad Wildungen 2024"]
[Site "Bad Wildungen"]
[Date "2024.08.03"]
[Round "5.27"]
[White "Kraus, Linus"]
[Black "Degenhardt, Andreas"]
[Result "1/2-1/2"]
[Annotator "NA"]
[ECO "D02"]
[WhiteElo "1893"]
[BlackElo "1832"]
[PlyCount "61"]
[EventDate "2024.07.31"]
[EventCountry "GER"]
[SourceTitle "playchess.com"]
[Source "ChessBase"]
[SourceQuality "1"]
[TimeControl "40/5400+30:900+30"]

1. Nf3 d5 2. g3 Nf6 3. Bg2 Nbd7 4. d4 b5 5. a4 b4 6. c4 bxc3 7. Nxc3 e6 8. O-O c5 9. Bf4 Ba6 10. Nb5 Bxb5 11. axb5 Qb6 12. Qa4 Be7 13. Ne5 Nxe5 14. Bxe5 O-O 15. Qa6 Nd7 16. Qxb6 axb6 17. b3 f6 18. Bf4 cxd4 19. Ra6 Nc5 20. Rxb6 g5 21. Bd6 Bxd6 22. Rxd6 Rab8 23. b4 Ne4 24. Rxe6 Kf7 25. Ra6 Rxb5 26. Ra7+ Kg6 27. Rb1 Nc3 28. Rb2 Rfb8 29. Bf3 Rxb4 30. Rxb4 Rxb4 31. Ra5 1/2-1/2

[Event "DSAM Bad Wildungen 2024"]
[Site "Bad Wildungen"]
[Date "2024.08.03"]
[Round "5.28"]
[White "Niemann, Silvio"]
[Black "Kubiak, Manfred"]
[Result "1/2-1/2"]
[Annotator "ChessBase"]
[ECO "B30"]
[WhiteElo "1904"]
[BlackElo "1902"]
[PlyCount "91"]
[EventDate "2024.07.31"]
[EventCountry "GER"]
[SourceTitle "playchess.com"]
[Source "ChessBase"]
[SourceQuality "1"]
[TimeControl "40/5400+30:900+30"]

1. e4 c5 2. Nf3 Nc6 3. c4 e5 4. Nc3 d6 5. h3 f5 6. d3 f4 7. Nd5 Nf6 8. Bd2 Nxd5 9. cxd5 Ne7 10. b4 b6 11. Qb3 Ng6 12. Be2 Be7 13. a4 Bd7 14. O-O O-O 15. Rfc1 Kh8 16. a5 Nh4 17. bxc5 bxc5 18. Rcb1 Rb8 19. Qc2 Qc7 20. Nxh4 Bxh4 21. Bf3 Rxb1+ 22. Rxb1 Rb8 23. Be1 Rb5 24. Rxb5 Bxb5 25. g3 fxg3 26. fxg3 Bf6 27. Kg2 Qb7 28. Qb3 Ba6 29. Qxb7 Bxb7 30. h4 Ba6 31. Be2 Kg8 32. g4 Kf8 33. Kg3 Ke8 34. Bd2 Bd8 35. g5 g6 36. Kf2 Bb5 37. Bf1 Be7 38. Be2 Kd8 39. Ke1 Kc7 40. Kd1 Bd7 41. Be1 Kb7 42. Bd2 Bd8 43. Be1 Bb5 44. Kc2 Ba4+ 45. Kc1 Bd7 46. Kb2 1/2-1/2

[Event "DSAM Bad Wildungen 2024"]
[Site "Bad Wildungen"]
[Date "2024.08.03"]
[Round "5.29"]
[White "Schulze-Bergcamen, Stefan"]
[Black "Best, Florian"]
[Result "1-0"]
[Annotator "ChessBase"]
[ECO "C02"]
[WhiteElo "2042"]
[BlackElo "1836"]
[PlyCount "39"]
[EventDate "2024.07.31"]
[EventCountry "GER"]
[SourceTitle "playchess.com"]
[Source "ChessBase"]
[SourceQuality "1"]
[TimeControl "40/5400+30:900+30"]

1. e4 e6 2. d4 d5 3. e5 f5 4. g4 fxg4 5. Qxg4 g6 6. Bd3 Nh6 7. Qh3 Nf5 8. Bxf5 exf5 9. Qg2 c5 10. c3 cxd4 11. cxd4 Bb4+ 12. Nc3 Nc6 13. Nge2 Qa5 14. O-O Bxc3 15. bxc3 Bd7 16. Bg5 Kf7 17. Nf4 h6 18. Bf6 g5 19. Bxh8 Rxh8 20. Qxd5+ 1-0

[Event "DSAM Bad Wildungen 2024"]
[Site "Bad Wildungen"]
[Date "2024.08.03"]
[Round "5.30"]
[White "Sviridov, Vitaliy"]
[Black "Krueger, Malte"]
[Result "1/2-1/2"]
[Annotator "NA"]
[ECO "A45"]
[WhiteElo "1771"]
[BlackElo "1739"]
[PlyCount "51"]
[EventDate "2024.07.31"]
[EventCountry "GER"]
[SourceTitle "playchess.com"]
[Source "ChessBase"]
[SourceQuality "1"]
[TimeControl "40/5400+30:900+30"]

1. d4 Nf6 2. Bf4 c6 3. e3 Qb6 4. b3 d6 5. h3 Bf5 6. Bd3 Nbd7 7. Nf3 Bxd3 8. Qxd3 Qc7 9. Bh2 e5 10. Nbd2 O-O-O 11. O-O h6 12. c4 Re8 13. dxe5 Nxe5 14. Qc3 g5 15. Rfd1 g4 16. hxg4 Nfxg4 17. Nxe5 Bg7 18. Bg3 Bxe5 19. Bxe5 dxe5 20. Ne4 Re6 21. c5 Rg8 22. Nd6+ Kb8 23. f3 Nf6 24. Rd2 Nd5 25. Qd3 Reg6 26. Re1 1/2-1/2

[Event "DSAM Bad Wildungen 2024"]
[Site "Bad Wildungen"]
[Date "2024.08.03"]
[Round "5.31"]
[White "Hoefle, Jan"]
[Black "Sander, Manuel"]
[Result "1-0"]
[Annotator "NA"]
[ECO "B06"]
[WhiteElo "1765"]
[BlackElo "1695"]
[PlyCount "87"]
[EventDate "2024.07.31"]
[EventCountry "GER"]
[SourceTitle "playchess.com"]
[Source "ChessBase"]
[SourceQuality "1"]
[TimeControl "40/5400+30:900+30"]

1. e4 g6 2. d4 Bg7 3. Nf3 d6 4. Be3 Nf6 5. Nbd2 b6 6. c3 Bb7 7. e5 Nd5 8. Bg5 dxe5 9. dxe5 h6 10. Bh4 Nc6 11. Qa4 O-O 12. e6 fxe6 13. Qe4 Nf4 14. Bg3 Qd5 15. Qc2 Ne5 16. Bxf4 Rxf4 17. O-O-O Nxf3 18. gxf3 Qh5 19. Bd3 Bxf3 20. Nxf3 Qxf3 21. Bxg6 Qxf2 22. Qb3 Rf6 23. Bc2 Raf8 24. Rhe1 Qf4+ 25. Kb1 Qg4 26. Re4 Qh3 27. Rde1 Kh8 28. a3 Qxh2 29. Rxe6 Rf2 30. Rxe7 a5 31. Qa4 R2f4 32. Qd7 Rf1 33. Qd3 Rxe1+ 34. Rxe1 Kg8 35. Re7 Qg1+ 36. Ka2 Rf6 37. Qh7+ Kf8 38. Qe4 Kg8 39. Rxc7 Qg3 40. Rc8+ Rf8 41. Rc6 Qe5 42. Qh7+ Kf7 43. Bb3+ Ke8 44. Re6+ 1-0

[Event "DSAM Bad Wildungen 2024"]
[Site "Bad Wildungen"]
[Date "2024.08.03"]
[Round "5.32"]
[White "Dolidze, David"]
[Black "Kessler, Rene"]
[Result "1/2-1/2"]
[Annotator "NA"]
[ECO "B40"]
[WhiteElo "1720"]
[BlackElo "1714"]
[PlyCount "84"]
[EventDate "2024.07.31"]
[EventCountry "GER"]
[SourceTitle "playchess.com"]
[Source "ChessBase"]
[SourceQuality "1"]
[TimeControl "40/5400+30:900+30"]

1. e4 c5 2. Nf3 e6 3. c3 d5 4. e5 d4 5. Bd3 Nc6 6. O-O Qc7 7. Qe2 Nge7 8. g3 Ng6 9. Re1 Bd7 10. h4 c4 11. Bxg6 hxg6 12. Qxc4 dxc3 13. bxc3 Be7 14. d4 Qb6 15. Qb3 Qc7 16. Ba3 Na5 17. Qc2 Bxa3 18. Nxa3 Rc8 19. Rac1 Bc6 20. Nd2 g5 21. Ne4 gxh4 22. Nd6+ Kd7 23. g4 h3 24. Kh2 Qd8 25. Re3 Qg5 26. Nxc8 Qf4+ 27. Rg3 Be4 28. Qb2 Rxc8 29. c4 b6 30. Rd1 Nxc4 31. Nxc4 Rxc4 32. Qd2 Qxd2 33. Rxd2 Bg2 34. Rgd3 Be4 35. Rxh3 Rc1 36. f3 Bd5 37. Kg3 g5 38. Rhh2 Rc3 39. Rhf2 b5 40. Rc2 Rd3 41. Rcd2 Rc3 42. Rc2 Rd3 1/2-1/2

[Event "DSAM Bad Wildungen 2024"]
[Site "Bad Wildungen"]
[Date "2024.08.03"]
[Round "5.33"]
[White "Loesche, Marian"]
[Black "Schlegel, Jonas"]
[Result "1-0"]
[Annotator "NA"]
[ECO "E18"]
[WhiteElo "1763"]
[BlackElo "1710"]
[PlyCount "124"]
[EventDate "2024.07.31"]
[EventCountry "GER"]
[SourceTitle "playchess.com"]
[Source "ChessBase"]
[SourceQuality "1"]
[TimeControl "40/5400+30:900+30"]

1. d4 Nf6 2. c4 e6 3. Nf3 d5 4. Nc3 Be7 5. g3 b6 6. Bg2 Bb7 7. O-O O-O 8. Ne5 Qc8 9. cxd5 Nxd5 10. e4 Nxc3 11. bxc3 c5 12. Bb2 Nd7 13. Nxd7 Qxd7 14. Qe2 Qa4 15. Rfd1 Rad8 16. d5 exd5 17. exd5 Bd6 18. c4 Qd7 19. Qh5 Bc8 20. Re1 Qg4 21. Qxg4 Bxg4 22. f4 f6 23. Re3 Kf7 24. Rf1 Bd7 25. Rfe1 Rfe8 26. Kf2 Rxe3 27. Rxe3 Re8 28. Rxe8 Kxe8 29. Ke3 Kf7 30. Be4 f5 31. Bf3 a6 32. Be5 Bf8 33. h3 Ke8 34. g4 g6 35. Be2 b5 36. g5 Kd8 37. h4 Be8 38. Bd3 b4 39. h5 Bd7 40. h6 Kc8 41. Kd2 Kb7 42. Kc1 a5 43. Kb2 Be7 44. a4 Bf8 45. Kb3 Be7 46. Be2 Bf8 47. Bf3 Kc8 48. Bg2 Kd8 49. Bf6+ Kc7 50. d6+ Bxd6 51. Bd5 Bxf4 52. Bg8 Bd6 53. Bxh7 f4 54. Bxg6 f3 55. h7 f2 56. Bd3 Bf5 57. h8=Q Bxd3 58. Qd8+ Kc6 59. Qa8+ Kd7 60. Qd8+ Kc6 61. Qc8+ Bc7 62. Qe6+ Bd6 1-0

[Event "DSAM Bad Wildungen 2024"]
[Site "Bad Wildungen"]
[Date "2024.08.03"]
[Round "5.34"]
[White "Kellner, Rene"]
[Black "Marx, Christina"]
[Result "1-0"]
[Annotator "NA"]
[ECO "A32"]
[WhiteElo "1734"]
[BlackElo "1660"]
[PlyCount "89"]
[EventDate "2024.07.31"]
[EventCountry "GER"]
[SourceTitle "playchess.com"]
[Source "ChessBase"]
[SourceQuality "1"]
[TimeControl "40/5400+30:900+30"]

1. c4 Nf6 2. Nc3 e6 3. d4 d5 4. Nf3 Bb4 5. Bd2 O-O 6. e3 c5 7. cxd5 cxd4 8. Nxd4 Nxd5 9. Nxd5 Bxd2+ 10. Qxd2 Qxd5 11. Nb5 Qxd2+ 12. Kxd2 Nd7 13. Be2 Nf6 14. Rhd1 Bd7 15. Ke1 Bc6 16. Kf1 Nd5 17. Rac1 g6 18. Nd4 Bd7 19. Bf3 Rac8 20. Bxd5 exd5 21. Ke1 Rfe8 22. Kd2 Rxc1 23. Rxc1 Rc8 24. Rxc8+ Bxc8 25. Kc3 Kf8 26. Kb4 Ke7 27. Kc5 Be6 28. Nb5 a6 29. Nc3 Kd7 30. Nxd5 Bxd5 31. Kxd5 b6 32. Ke5 Ke7 33. e4 f6+ 34. Kd5 Kd7 35. f4 h6 36. e5 f5 37. a4 g5 38. e6+ Ke7 39. Ke5 b5 40. axb5 axb5 41. b4 gxf4 42. Kxf5 h5 43. h4 f3 44. gxf3 Kf8 45. Kf6 1-0

[Event "DSAM Bad Wildungen 2024"]
[Site "Bad Wildungen"]
[Date "2024.08.03"]
[Round "5.35"]
[White "Reuter, Marek"]
[Black "Doeding, Alexander"]
[Result "1-0"]
[Annotator "NA"]
[ECO "B06"]
[WhiteElo "1761"]
[BlackElo "1588"]
[PlyCount "101"]
[EventDate "2024.07.31"]
[EventCountry "GER"]
[SourceTitle "playchess.com"]
[Source "ChessBase"]
[SourceQuality "1"]
[TimeControl "40/5400+30:900+30"]

1. e4 g6 2. d4 Bg7 3. Nc3 d6 4. Bg5 a6 5. Qd2 b5 6. h4 h6 7. Be3 Nf6 8. f3 Nbd7 9. g4 Bb7 10. Bh3 Nb6 11. b3 Nfd7 12. Nge2 e6 13. Bg2 Qe7 14. Ng3 c5 15. Kf2 c4 16. Rac1 b4 17. Nce2 c3 18. Qd3 a5 19. a4 Ba6 20. Qd1 O-O-O 21. Qg1 d5 22. e5 Rhf8 23. g5 hxg5 24. hxg5 Rh8 25. Bh3 Kb7 26. Qg2 Nxe5 27. dxe5 Bxe5 28. f4 Bg7 29. Bd4 e5 30. fxe5 Rhe8 31. Nf4 Bxe5 32. Bxe5 Qxe5 33. Qf3 Qd4+ 34. Kg2 Re3 35. Rcd1 Qe5 36. Qg4 Re8 37. Kf2 f5 38. gxf6 g5 39. Nfh5 Be2 40. Qd4 Rf3+ 41. Kg2 Qxd4 42. Rxd4 Rfe3 43. Bg4 Bxg4 44. Rxg4 R3e5 45. Rf1 Rf8 46. Rf5 Rxf5 47. Nxf5 Nd7 48. Ne7 Nxf6 49. Nxf6 Rxf6 50. Nxd5 Kc6 51. Nxf6 1-0

[Event "DSAM Bad Wildungen 2024"]
[Site "Bad Wildungen"]
[Date "2024.08.03"]
[Round "5.36"]
[White "Lehmann, Michael"]
[Black "Bauch, Martin"]
[Result "1-0"]
[Annotator "ChessBase"]
[ECO "D12"]
[WhiteElo "1731"]
[BlackElo "1927"]
[PlyCount "91"]
[EventDate "2024.07.31"]
[EventCountry "GER"]
[SourceTitle "playchess.com"]
[Source "ChessBase"]
[SourceQuality "1"]
[TimeControl "40/5400+30:900+30"]

1. d4 d5 2. c4 c6 3. e3 Nf6 4. Nf3 Bf5 5. Nc3 e6 6. Be2 Bd6 7. h3 h6 8. Bd3 Bxd3 9. Qxd3 Nbd7 10. Bd2 O-O 11. cxd5 exd5 12. O-O Re8 13. Rfe1 Ne4 14. a3 a5 15. Re2 f5 16. Be1 Qf6 17. Rc1 g5 18. Nd2 Re7 19. Nf1 Rf8 20. Nxd5 cxd5 21. f3 Rg7 22. Qb3 Qe6 23. fxe4 fxe4 24. Rf2 Rxf2 25. Bxf2 Nf6 26. Bg3 h5 27. Qb6 Rd7 28. Bxd6 Rxd6 29. Qxb7 Rd7 30. Qb8+ Kg7 31. Rc7 h4 32. Rxd7+ Qxd7 33. b4 axb4 34. axb4 g4 35. hxg4 Qxg4 36. Qf4 Kf7 37. b5 Ke7 38. b6 Qxf4 39. exf4 Kd7 40. Ne3 Kc6 41. Kh2 Kxb6 42. Kh3 Kc6 43. Kxh4 Kd6 44. g4 Ng8 45. Kg5 Ke6 46. f5+ 1-0

[Event "DSAM Bad Wildungen 2024"]
[Site "Bad Wildungen"]
[Date "2024.08.03"]
[Round "5.37"]
[White "Sniegowski, Richard"]
[Black "Geier, Jakob"]
[Result "1-0"]
[Annotator "NA"]
[ECO "B10"]
[WhiteElo "1695"]
[BlackElo "1664"]
[PlyCount "37"]
[EventDate "2024.07.31"]
[EventCountry "GER"]
[SourceTitle "playchess.com"]
[Source "ChessBase"]
[SourceQuality "1"]
[TimeControl "40/5400+30:900+30"]

1. e4 c6 2. Nf3 d5 3. d3 dxe4 4. Ng5 exd3 5. Bxd3 Nd7 6. Bc4 e6 7. O-O Be7 8. Bxe6 fxe6 9. Nxe6 Qa5 10. Bf4 Bd8 11. Bd2 Qb6 12. Re1 Kf7 13. Qg4 g6 14. Qc4 Ne5 15. Nxd8+ Kf6 16. Qf4+ Ke7 17. Qxe5+ Kxd8 18. Bg5+ Kd7 19. Rd1+ 1-0

[Event "DSAM Bad Wildungen 2024"]
[Site "Bad Wildungen"]
[Date "2024.08.03"]
[Round "5.40"]
[White "Zimmermann, Felix"]
[Black "Klatt, Rico"]
[Result "0-1"]
[Annotator "ChessBase"]
[ECO "B10"]
[WhiteElo "1952"]
[BlackElo "1690"]
[PlyCount "60"]
[EventDate "2024.07.31"]
[EventCountry "GER"]
[SourceTitle "playchess.com"]
[Source "ChessBase"]
[SourceQuality "1"]
[TimeControl "40/5400+30:900+30"]

1. e4 c6 2. d3 d5 3. Nd2 e5 4. Ngf3 Bd6 5. d4 Bg4 6. exd5 cxd5 7. dxe5 Bxe5 8. h3 Bxf3 9. Nxf3 Bc7 10. Be2 Ne7 11. c3 O-O 12. Qb3 Bb6 13. Bf4 Re8 14. Rd1 Nbc6 15. O-O Rc8 16. Rd2 Na5 17. Qd1 Nc4 18. Bxc4 Rxc4 19. Be5 Bc7 20. Re1 Bxe5 21. Rxe5 Qd7 22. Qe2 Rcc8 23. Qd3 Red8 24. Ng5 g6 25. Ne4 Kg7 26. Qd4 Nc6 27. Qxd5 Qc7 28. Nd6 Rxd6 29. Qxd6 Qxd6 30. Rxd6 Nxe5 0-1

[Event "DSAM Bad Wildungen 2024"]
[Site "Bad Wildungen"]
[Date "2024.08.03"]
[Round "5.41"]
[White "Hefner, Simon"]
[Black "Engelhaupt, Henry"]
[Result "1/2-1/2"]
[Annotator "NA"]
[ECO "C44"]
[WhiteElo "1678"]
[BlackElo "1788"]
[PlyCount "39"]
[EventDate "2024.07.31"]
[EventCountry "GER"]
[SourceTitle "playchess.com"]
[Source "ChessBase"]
[SourceQuality "1"]
[TimeControl "40/5400+30:900+30"]

1. e4 e5 2. Nf3 Nc6 3. d4 exd4 4. Bc4 Bb4+ 5. c3 dxc3 6. bxc3 Ba5 7. O-O Nge7 8. Bg5 O-O 9. e5 Qe8 10. Qc1 Ng6 11. Re1 Bb6 12. Nbd2 h6 13. Bxh6 gxh6 14. Ne4 Kg7 15. Nf6 Qd8 16. Nh5+ Kh7 17. Nf6+ Kg7 18. Nh5+ Kh7 19. Nf6+ Kg7 20. Nh5+ 1/2-1/2

[Event "DSAM Bad Wildungen 2024"]
[Site "Bad Wildungen"]
[Date "2024.08.03"]
[Round "5.42"]
[White "Segermann, Nils"]
[Black "Noll, Raphael"]
[Result "0-1"]
[Annotator "NA"]
[ECO "D02"]
[WhiteElo "1780"]
[BlackElo "1611"]
[PlyCount "229"]
[EventDate "2024.07.31"]
[EventCountry "GER"]
[SourceTitle "playchess.com"]
[Source "ChessBase"]
[SourceQuality "1"]
[TimeControl "40/5400+30:900+30"]

1. d4 d5 2. Bf4 Nf6 3. Nf3 Bf5 4. e3 e6 5. Bd3 Bg6 6. Ne5 Nbd7 7. c3 c6 8. Nxg6 hxg6 9. Qb3 Qb6 10. Nd2 Be7 11. e4 dxe4 12. Bxe4 Nd5 13. Bxd5 cxd5 14. O-O g5 15. Bg3 Qxb3 16. axb3 f5 17. f3 f4 18. Bf2 Nf6 19. Rfe1 Kf7 20. c4 Bb4 21. Re2 Bxd2 22. Rxd2 a6 23. h3 Rac8 24. c5 Rh6 25. Kf1 Rhh8 26. b4 Ra8 27. Re2 Nd7 28. b3 Kf6 29. Rea2 Rac8 30. Ra5 e5 31. dxe5+ Kxe5 32. Re1+ Kf5 33. c6 bxc6 34. Rxa6 Ne5 35. Rd1 Rb8 36. Bc5 Ra8 37. Rb6 Rhb8 38. Rxb8 Rxb8 39. Bd6 Rd8 40. Bc5 Nd7 41. Bd4 Nf6 42. Rc1 Rc8 43. b5 c5 44. Rxc5 Rxc5 45. Bxc5 Nd7 46. b4 Ke6 47. Ke2 Ne5 48. b6 Kd7 49. b5 Nf7 50. Kd3 Nd8 51. Bd4 Ne6 52. Be5 Kc8 53. Kc3 g6 54. Kb4 Kb7 55. Bc7 Kc8 56. Bd6 Kb7 57. Bc5 Kc8 58. Be7 Kb7 59. Bc5 Kb8 60. Bf2 Ka8 61. Ka4 Kb8 62. Be1 Nc5+ 63. Ka5 Kb7 64. Bf2 Ne6 65. Bg1 Nd8 66. Kb4 Ne6 67. Kc3 Kc8 68. b7+ Kxb7 69. Kb4 Kc7 70. Bf2 Kb7 71. b6 Ka6 72. Bg1 d4 73. Kc4 Kxb6 74. Bxd4+ Kc6 75. Bf6 Kd6 76. Bc3 Nc7 77. Bb4+ Ke6 78. Bd2 Kf5 79. Kd3 Nb5 80. Kc4 Nd6+ 81. Kc5 Ke6 82. Kd4 Nf5+ 83. Kd3 Nh4 84. Ke2 Nxg2 85. Kf2 Nh4 86. Bc3 Nf5 87. Ba5 Nd4 88. Bc3 Nf5 89. Ba5 Nd4 90. Bc3 Kd5 91. Ba5 Kc4 92. Bd8 Ne6 93. Bf6 Kd5 94. Be7 Kc6 95. Kg2 Kd7 96. Bf6 Ke8 97. Kf2 Kf7 98. Bc3 Kg8 99. Ke2 Kh7 100. Kd3 Kh6 101. Be1 Kh5 102. Bf2 Ng7 103. Ke4 Nf5 104. Ke5 Ne3 105. Ke4 Nf1 106. Ke5 Nd2 107. Kd4 Nxf3+ 108. Ke4 Nd2+ 109. Kd3 Nf1 110. Ke4 Ng3+ 111. Bxg3 fxg3 112. Kf3 Kh4 113. Kg2 g4 114. hxg4 Kxg4 115. Kh1 0-1

[Event "DSAM Bad Wildungen 2024"]
[Site "Bad Wildungen"]
[Date "2024.08.03"]
[Round "5.43"]
[White "Strodthoff, Felix"]
[Black "Scholz, Paul"]
[Result "1/2-1/2"]
[Annotator "NA"]
[ECO "C01"]
[WhiteElo "1615"]
[BlackElo "1592"]
[PlyCount "57"]
[EventDate "2024.07.31"]
[EventCountry "GER"]
[SourceTitle "playchess.com"]
[Source "ChessBase"]
[SourceQuality "1"]
[TimeControl "40/5400+30:900+30"]

1. e4 e6 2. d4 d5 3. Bd3 dxe4 4. Bxe4 Nf6 5. Bf3 Bd6 6. Ne2 Nbd7 7. c4 e5 8. c5 Be7 9. c6 e4 10. cxd7+ Bxd7 11. Bxe4 Nxe4 12. Nbc3 Nd6 13. O-O O-O 14. Nd5 Re8 15. Re1 c6 16. Nxe7+ Rxe7 17. Nc3 Rxe1+ 18. Qxe1 Be6 19. Be3 Qf6 20. Rd1 Re8 21. Qd2 Nc4 22. Qc1 Nb6 23. b3 h6 24. Ne4 Qg6 25. Ng3 Bd5 26. Qb1 Qxb1 27. Rxb1 Nc8 28. a4 a6 29. b4 1/2-1/2

[Event "DSAM Bad Wildungen 2024"]
[Site "Bad Wildungen"]
[Date "2024.08.03"]
[Round "5.45"]
[White "Vry, Fabian"]
[Black "Voskanyan, Artur S."]
[Result "1-0"]
[Annotator "NA"]
[ECO "C50"]
[WhiteElo "1513"]
[BlackElo "1508"]
[PlyCount "61"]
[EventDate "2024.07.31"]
[EventCountry "GER"]
[SourceTitle "playchess.com"]
[Source "ChessBase"]
[SourceQuality "1"]
[TimeControl "40/5400+30:900+30"]

1. e4 e5 2. Nf3 Nc6 3. Bc4 Nf6 4. d3 Bc5 5. Nc3 d6 6. h3 h6 7. Na4 Bb6 8. Nxb6 axb6 9. Be3 d5 10. exd5 Nxd5 11. O-O Be6 12. Bb5 Nxe3 13. fxe3 Qd6 14. d4 exd4 15. exd4 O-O 16. c3 Qg3 17. Kh1 Qd6 18. Bd3 Rfd8 19. a3 Na5 20. Ne5 c5 21. Qf3 Rf8 22. Qe4 f5 23. Qe3 cxd4 24. cxd4 Rad8 25. Rad1 Qxd4 26. Qxd4 Rxd4 27. Ng6 Re8 28. Bb5 Rxd1 29. Rxd1 Nc6 30. Rd6 Kh7 31. Rxe6 1-0

[Event "DSAM Bad Wildungen 2024"]
[Site "Bad Wildungen"]
[Date "2024.08.03"]
[Round "5.46"]
[White "Schroeder, Timo"]
[Black "de Long Habermann, Zidanta"]
[Result "1/2-1/2"]
[Annotator "NA"]
[ECO "C02"]
[WhiteElo "1704"]
[BlackElo "1712"]
[PlyCount "82"]
[EventDate "2024.07.31"]
[EventCountry "GER"]
[SourceTitle "playchess.com"]
[Source "ChessBase"]
[SourceQuality "1"]
[TimeControl "40/5400+30:900+30"]

1. e4 e6 2. d4 d5 3. e5 c5 4. c3 Nc6 5. Nf3 Qb6 6. a3 Nh6 7. b4 cxd4 8. cxd4 Nf5 9. Bb2 Bd7 10. g4 Nfe7 11. Nc3 Rc8 12. h4 a5 13. b5 Na7 14. a4 Ng8 15. g5 Bb4 16. Qd3 Ne7 17. h5 Rc4 18. Qd2 Rc7 19. Nh4 Nac8 20. Rh3 Qa7 21. Ba3 Bxa3 22. Rxa3 Nb6 23. Qf4 Kd8 24. Qxf7 Nc4 25. Bxc4 Rxc4 26. Ne2 Rxd4 27. Nxd4 Qxd4 28. Qxg7 Rg8 29. Qxh7 Qxe5+ 30. Rhe3 Qxg5 31. Ng6 Qg1+ 32. Ke2 Qg4+ 33. Kf1 Re8 34. Nxe7 Rxe7 35. Qh8+ Be8 36. Qe5 Rc7 37. Rec3 Qd1+ 38. Kg2 Rxc3 39. Rxc3 Qg4+ 40. Kf1 Qd1+ 41. Kg2 Qg4+ 1/2-1/2